 Dungeon Crawl Stone Soup version 0.23.2-40-g277498a001 (webtiles) character file.

Game seed: 2186154074718389514

692164 ANON1729 the Slingshot (level 27, -30/197 HPs)
             Began as a Halfling Hunter on Oct 5, 2019.
             Was a High Priest of Okawaru.
             Killed from afar by an orb of fire (70 damage)
             ... with a bolt of fire
             ... on level 5 of the Realm of Zot on Oct 6, 2019.
             The game lasted 07:31:54 (121456 turns).

ANON1729 the Slingshot (Halfling Hunter)          Turns: 121456, Time: 07:31:55

Health: -30/197    AC: 24    Str: 15    XL:     27
Magic:  0/47       EV: 30    Int: 12    God:    Okawaru [*****.]
Gold:   6667       SH: 13    Dex: 29    Spells: 9/49 levels left

rFire    . . .     SeeInvis +   w - +6 hunting sling "Bene" {freeze, rPois Dex+2}
rCold    + + .     Gourm    .   z - +3 buckler {AC+3}
rNeg     + + +     Faith    .   G - +1 scale mail of Dishonour {rC+ rCorr Int+3}
rPois    +         Spirit   +   Y - +2 helmet {SInv}
rElec    .         Reflect  .   Q - scarf {repulsion}
rCorr    +         Harm     .   V - +2 pair of gloves {Str+3}
MR       +++..                  i - +2 pair of boots {run}
Stlth    +++++++...             g - amulet of guardian spirit
HPRegen  0.42/turn              a - ring "Qeheh" {rCorr rC+ rN+ Str-2}
MPRegen  0.30/turn              F - ring "Pemiq" {rN++ MR+ MP+9}

@: repel missiles, quick
A: small, mutation resistance 1
}: 3/15 runes: serpentine, barnacled, silver
a: Heroism, Finesse, Renounce Religion


You were on level 5 of the Realm of Zot.
You worshipped Okawaru.
Okawaru was extremely pleased with you.
You were not hungry.

You visited 11 branches of the dungeon, and saw 51 of its levels.
You also visited: Bailey, Ice Cave, Volcano and Desolation.

You collected 7863 gold pieces.
You spent 1196 gold pieces at shops.

Inventory:

Hand Weapons
 w - the +6 hunting sling "Bene" (weapon) {freeze, rPois Dex+2}
   (You found it in the Desolation of Salt)

   It causes projectiles fired from it to freeze those they strike, causing
   extra injury to most foes and up to half again as much damage against
   particularly susceptible opponents.
   They can also slow down cold-blooded creatures.
   It affects your dexterity (+2).
   It protects you from poison.
 K - a +9 quick blade of electrocution
Missiles
 v - 289 stones
 E - 69 sling bullets (quivered)
Armour
 i - a +2 pair of boots of running (worn)
 x - the +2 pair of gloves "Vuugaoto" {Int+2 Dex+4}
   (You acquired it on level 4 of the Realm of Zot)

   It affects your intelligence (+2).
   It affects your dexterity (+4).
 z - a +3 buckler of protection (worn)
 G - the +1 scale mail of Dishonour (worn) {rC+ rCorr Int+3}
   (You found it on level 2 of the Vaults)

   It affects your intelligence (+3).
   It protects you from cold.
   It provides partial protection from all sources of acid and corrosion.
 Q - a scarf of repulsion (worn)
 V - a +2 pair of gloves of strength (worn)
 W - the +2 helmet "Muykk" {Str+3 Int+5}
   (Okawaru gifted it to you on level 1 of the Depths)

   It affects your strength (+3).
   It affects your intelligence (+5).
 Y - a +2 helmet of see invisible (worn)
Jewellery
 a - the ring "Qeheh" (left hand) {rCorr rC+ rN+ Str-2}
   (You found it on level 5 of the Lair of Beasts)

   [ring of resist corrosion]

   It affects your strength (-2).
   It protects you from cold.
   It protects you from negative energy.
 g - an amulet of guardian spirit (around neck)
 F - the ring "Pemiq" (right hand) {rN++ MR+ MP+9}
   (You took it off a servant of whispers in the Desolation of Salt)

   [ring of protection from magic]

   It greatly protects you from negative energy.
   It affects your resistance to hostile enchantments.
   It affects your magic capacity (+9).
Wands
 c - a wand of digging (17)
 e - a wand of scattershot (5)
 m - a wand of clouds (8)
 D - a wand of acid (14)
 U - a wand of iceblast (50)
Scrolls
 b - 4 scrolls of blinking
 h - 3 scrolls of fear
 j - 11 scrolls of teleportation
 k - 2 scrolls of holy word
 p - 9 scrolls of immolation
 t - 2 scrolls of magic mapping
 A - 28 scrolls of remove curse
 B - 4 scrolls of silence
 H - a scroll of enchant weapon
 M - 8 scrolls of enchant armour
 O - 2 scrolls of summoning
 P - 12 scrolls of identify
 S - 4 scrolls of amnesia
 Z - 5 scrolls of fog
Potions
 l - 11 potions of flight
 n - 5 potions of magic
 o - 3 potions of ambrosia
 q - 4 potions of cancellation
 r - 5 potions of heal wounds
 s - 26 potions of curing
 u - 7 potions of berserk rage
 C - 13 potions of brilliance
 I - a potion of resistance
 J - 6 potions of agility
 L - 3 potions of might
 N - 6 potions of mutation
 R - 7 potions of haste
 X - a potion of invisibility
Miscellaneous
 d - a phial of floods
 y - 6 boxes of beasts
Comestibles
 f - 33 rations


   Skills:
 + Level 18.6 Fighting
 + Level 13.0 Short Blades
 + Level 26.3 Slings
 - Level 12.5 Armour
 + Level 17.8 Dodging
 + Level 18.9 Stealth
 + Level 11.4 Shields
 + Level 11.8 Spellcasting
 - Level 10.0 Charms
 - Level 7.0 Summonings
 + Level 8.0 Necromancy
 - Level 10.0 Translocations
 + Level 21.5 Ice Magic
 + Level 18.2 Invocations


You had 9 spell levels left.
You knew the following spells:

 Your Spells              Type           Power        Failure   Level  Hunger
a - Summon Ice Beast      Ice/Summ       #####...     1%          4    ###....
b - Ensorcelled Hibernat  Hex/Ice        ####..       1%          2    None
c - Song of Slaying       Chrm           ####....     1%          2    None
d - Corpse Rot            Necr           N/A          1%          2    None
e - Summon Butterflies    Summ           ###.....     1%          1    None
f - Apportation           Tloc           ####..       1%          1    None
g - Ozocubu's Armour      Chrm/Ice       #####...     1%          3    #......
h - Freeze                Ice            ####         0%          1    None
i - Swiftness             Chrm/Air       ###.....     5%          2    None
j - Throw Icicle          Conj/Ice       ####....     3%          4    ###....
k - Portal Projectile     Hex/Tloc       ###...       11%         3    #......
l - Lesser Beckoning      Tloc           ####......   1%          3    #......
m - Blink                 Tloc           N/A          1%          2    None
n - Simulacrum            Ice/Necr       #####.....   10%         6    ######.
o - Passage of Golubria   Tloc           N/A          4%          4    ###....

Your spell library contained the following spells:

 Spells                   Type           Power        Failure   Level  Hunger
 Infusion                 Chrm           ####         1%          1    None
 Summon Small Mammal      Summ           ###.         1%          1    None
 Shroud of Golubria       Chrm/Tloc      ####......   1%          2    None
 Sublimation of Blood     Necr           ####......   1%          2    None
 Throw Frost              Conj/Ice       ####..       1%          2    None
 Gell's Gravitas          Tloc           ####......   1%          3    #......
 Teleport Other           Tloc           ####....     1%          3    #......
 Call Imp                 Summ           ###.....     2%          2    None
 Recall                   Summ/Tloc      N/A          2%          3    #......
 Ice Form                 Ice/Tmut       ####....     3%          4    ###....
 Call Canine Familiar     Summ           ###.....     4%          3    #......
 Excruciating Wounds      Chrm/Necr      ####......   19%         5    #####..
 Summon Guardian Golem    Hex/Summ       ###.....     21%         3    #......
 Summon Forest            Summ/Tloc      ####......   24%         5    #####..
 Beastly Appendage        Tmut           #.....       28%         1    None
 Corona                   Hex            #......      28%         1    None
 Flame Tongue             Conj/Fire      #....        28%         1    None
 Magic Dart               Conj           #...         28%         1    None
 Sandblast                Erth           #.....       28%         1    None
 Shock                    Conj/Air       #...         28%         1    None
 Agony                    Necr           ####....     28%         5    #####..
 Dispel Undead            Necr           ####....     28%         5    #####..
 Force Lance              Conj/Tloc      ###.....     34%         4    ###....
 Passwall                 Tmut/Erth      #.......     38%         2    None
 Poisonous Vapours        Pois/Air       #.....       38%         2    None
 Slow                     Hex            #.......     38%         2    None
 Sticks to Snakes         Tmut           #.......     38%         2    None
 Throw Flame              Conj/Fire      #.....       38%         2    None
 Aura of Abjuration       Summ           ###.......   41%         5    #####..
 Summon Demon             Summ           ###.......   41%         5    #####..
 Summon Lightning Spire   Summ/Air       ###.....     54%         4    ###....
 Dispersal                Tloc           ####......   56%         6    ######.
 Confuse                  Hex            #.......     63%         3    #......
 Conjure Flame            Conj/Fire      #.......     63%         3    #......
 Dazzling Spray           Conj/Hex       #.....       63%         3    #......
 Ignite Poison            Fire/Tmut/Pois #.......     63%         3    #......
 Inner Flame              Hex/Fire       #.......     63%         3    #......
 Mephitic Cloud           Conj/Pois/Air  #.......     63%         3    #......
 Spider Form              Tmut/Pois      #.........   63%         3    #......
 Static Discharge         Conj/Air       #.......     63%         3    #......
 Stone Arrow              Conj/Erth      #.....       63%         3    #......
 Tukima's Dance           Hex            #.......     63%         3    #......
 Iskenderun's Battlesphe  Conj/Chrm      ###.....     69%         5    #####..
 Bolt of Draining         Conj/Necr      ###.......   83%         5    #####..
 Borgnjor's Vile Clutch   Necr/Erth      ###.......   83%         5    #####..
 Summon Mana Viper        Hex/Summ       ###.....     88%         5    #####..
 Freezing Cloud           Conj/Ice/Air   ###.......   92%         6    ######.
 Shadow Creatures         Summ           N/A          94%         6    ######.
 Airstrike                Air            #.........   95%         4    ###....
 Cause Fear               Hex            #.........   95%         4    ###....
 Leda's Liquefaction      Hex/Erth       #.........   95%         4    ###....
 Petrify                  Tmut/Erth      #.......     95%         4    ###....
 Sticky Flame             Conj/Fire      #.......     95%         4    ###....
 Deflect Missiles         Chrm/Air       ###.......   99%         6    ######.
 Alistair's Intoxication  Tmut/Pois      #.......     100%        5    #####..
 Blade Hands              Tmut           #.........   100%        5    #####..
 Bolt of Magma            Conj/Fire/Erth #.........   100%        5    #####..
 Fireball                 Conj/Fire      #.........   100%        5    #####..
 Irradiate                Conj/Tmut      #.........   100%        5    #####..
 Lee's Rapid Deconstruct  Erth           #.........   100%        5    #####..
 Lightning Bolt           Conj/Air       #.........   100%        5    #####..
 Silence                  Hex/Air        #.........   100%        5    #####..
 Venom Bolt               Conj/Pois      #.........   100%        5    #####..
 Yara's Violent Unravell  Hex/Tmut       #.........   100%        5    #####..
 Bolt of Fire             Conj/Fire      #.........   100%        6    ######.
 Conjure Ball Lightning   Conj/Air       #.........   100%        6    ######.
 Darkness                 Hex            #.........   100%        6    ######.
 Hydra Form               Tmut           #.........   100%        6    ######.
 Invisibility             Hex            #.......     100%        6    ######.
 Iron Shot                Conj/Erth      #.........   100%        6    ######.
 Statue Form              Tmut/Erth      #........    100%        6    ######.
 Dragon Form              Tmut           #.........   100%        7    #######
 Malign Gateway           Summ/Tloc      ####......   100%        7    #######
 Monstrous Menagerie      Summ           ###.......   100%        7    #######
 Orb of Destruction       Conj           #.........   100%        7    #######
 Ring of Flames           Chrm/Fire      ###.......   100%        7    #######
 Spellforged Servitor     Conj/Summ      ###.......   100%        7    #######
 Summon Greater Demon     Summ           ###.......   100%        7    #######
 Summon Hydra             Summ           ###.......   100%        7    #######
 Controlled Blink         Tloc           N/A          100%        8    #######
 Discord                  Hex            #.........   100%        8    #######
 Disjunction              Tloc           ####......   100%        8    #######
 Ignition                 Fire           #.........   100%        8    #######
 Summon Horrible Things   Summ           ###.......   100%        8    #######
 Dragon's Call            Summ           ###.......   100%        9    #######
 Shatter                  Erth           #.........   100%        9    #######
 Tornado                  Air            #.........   100%        9    #######


Dungeon Overview and Level Annotations

Branches:
Dungeon (15/15)            Temple (1/1) D:5            Lair (6/6) D:9
 Shoals (4/4) Lair:2        Snake (4/4) Lair:2        Slime (0/5) Lair:6
    Orc (2/2) D:9             Elf (3/3) Orc:2        Vaults (5/5) D:14
  Crypt (0/3) Vaults:2     Depths (5/5) D:15           Hell (1/1)
    Dis (0/7) Hell            Geh (0/7) Hell            Coc (0/7) Hell
    Tar (0/7) Hell            Zot (5/5) Depths:5

Altars:
Ashenzari
Cheibriados
Dithmenos
Elyvilon
Fedhas
Gozag
Hepliaklqana
Kikubaaqudgha
Makhleb
Nemelex Xobeh
Okawaru
Qazlal
Ru
Sif Muna
Trog
Uskayaw
Vehumet
Wu Jian
Xom
Yredelemnul
Zin
The Shining One
Jiyva

Shops:
D:9 *   D:11 %   D:13 }?(*   Orc:1 %   Orc:2 %[[((   Elf:2 }[   Vaults:1 %
Vaults:3 ?   Vaults:4 %   Vaults:5 :   Depths:2 [[*   Depths:3 %   Depths:4 *

Portals:
Hell: Depths:1 Depths:2 Depths:3 Depths:4 Depths:5
Abyss: Depths:1 Depths:4
Pandemonium: Depths:3
Ziggurat: Depths:4
Trove: D:10 (give +5 demon blade)

Annotations:
Lair:5 exclusion: 2 downstairs
Depths:2 exclusion: 3 doors


Innate Abilities, Weirdness & Mutations

You are small and have problems with some larger weapons.
You are somewhat resistant to further mutation.


Message History

You feel odd for a moment.
You close the door.
The orb of fire glows bright magenta.
The fireball explodes!
The fireball engulfs you!!!!
* * * LOW HITPOINT WARNING * * *
Your blink will be uncontrolled - continue anyway? [Y]es or [N]o only, please.
Your blink will be uncontrolled - continue anyway?
Okay, then.
Unknown command.
Unknown command.
Casting: Summon Butterflies (safe; 1% risk of failure)
Confirm with . or Enter, or press ? or * to list all spells.
As you read the scroll of summoning, it crumbles to dust.
Wisps of shadow whirl around you...
The orb of fire glows bright magenta.
The bolt of fire hits your butterfly!!!!
Your butterfly dies!
The bolt of fire hits you!!!!
You die...

...# #########............######.
...# #.)..........######' ...#
#...........#....... ^..#
#...........#....... ####
#*#+#########....... #
##.#.###### #....... #
#.d.d.....# #....... #
#.q.b####.# #.^..... # ########
#.d.@# #.# #.......
####......###.DbD####.####.......
)).........=).........⌠..........
####⌠)....###..b.####.##########.
# #......# #....####.###########
# #......# ####............##≈§§
# #......# ######.#####.##≈§§ #
#......# ### #.##≈§§ # ##[#####
#.##q≈§


You could see an orb of fire, a friendly golden dragon (wandering), a friendly
green draconian, a friendly red draconian, a friendly white draconian, a
friendly quicksilver dragon (wandering) and a friendly purple draconian
annihilator (wandering).

Vanquished Creatures
  4 ancient liches
  3 juggernauts (Depths:5)
  5 Killer Klowns
  Margery (Depths:4)
  2 caustic shrikes (Depths:5)
  Geryon (Hell)
  Nikola (Elf:1)
  A curse toe (Zot:5)
  10 golden dragons
  A bone dragon (Zot:4)
  18 tentacled monstrosities
  2 electric golems
  Jorgrun (D:15)
  8 liches
  Asterion (Depths:1)
  7 titans
  13 Orb Guardians (Zot:5)
  9 quicksilver dragons
  2 deep elf master archers (Elf:3)
  Polyphemus (Shoals:3)
  2 deep elf blademasters
  12 death cobs
  5 sphinxes
  Gastronok (Lair:1)
  Frances (D:12)
  A kraken (Shoals:4)
  11 shadow dragons
  6 draconian monks
  15 storm dragons
  5 tengu reavers
  Ilsuiw (Shoals:3)
  2 draconian knights
  12 nagarajas
  7 iron dragons
  8 frost giants
  16 fire giants
  6 deep elf sorcerers
  7 draconian scorchers
  2 imperial myrmidons (Desolation)
  5 ghost moths
  13 vault wardens
  A balrug (Hell)
  A ghoul (Vaults:2)
  6 draconian shifters
  Louise (Elf:1)
  A cacodemon (Depths:1)
  2 reapers (Hell)
  12 deep elf elementalists
  3 entropy weavers (Vaults:4)
  2 draconian annihilators
  4 draconian stormcallers
  6 spriggan defenders
  9 ironheart preservers
  31 stone giants
  A war gargoyle (Zot:3)
  22 very ugly things
  7 black draconians
  16 yellow draconians
  19 green draconians
  7 deep elf demonologists
  5 vampire knights
  3 halazid warlocks (Desolation)
  3 lorocyprocas
  12 red draconians
  3 deep elf annihilators
  11 purple draconians
  5 spark wasps
  8 white draconians
  6 merfolk javelineers
  3 blizzard demons (Hell)
  A green death (Depths:1)
  18 ettins
  18 fire dragons
  2 crystal guardians
  9 deep elf high priests
  20 yaktaur captains
  8 deep elf death magi
  10 merfolk impalers
  6 great orbs of eyes
  5 ragged hierophants (Desolation)
  8 rakshasas
  Erolcha (D:9)
  7 hydras
  8 servants of whispers (Desolation)
  7 peacekeepers (Desolation)
  16 ice dragons
  37 vault guards
  3 spriggan air magi
  2 catoblepae
  3 satyrs (Shoals:4)
  2 death knights
  4 merfolk avatars
  16 naga warriors
  An anaconda (shapeshifter) (Vaults:5)
  12 anacondas
  45 two-headed ogres
  2 merfolk aquamancers (Shoals:4)
  7 tengu warriors
  13 centaur warriors
  5 deep troll shamans
  12 ogre magi
  7 hell hogs
  15 death yaks
  A satyr (shapeshifter) (Depths:5)
  6 spriggan berserkers
  A queen ant (Lair:6)
  25 dancing weapons
  An orc high priest (D:9)
  Urug (D:12)
  4 vampire magi
  9 deep troll earth magi
  4 soul eaters
  2 shock serpents (Snake:4)
  20 naga sharpshooters
  2 iron golems (Depths:2)
  A shock serpent (shapeshifter) (Depths:5)
  18 deep elf knights
  Nergalle (Lair:3)
  4 skeletal warriors (Hell)
  2 shadow wraiths (Hell)
  2 sixfirhies (Depths:1)
  6 sun demons
  2 salamander mystics
  6 iron trolls
  19 hell knights
  An iron troll (shapeshifter) (Vaults:5)
  22 deep trolls
  10 sea snakes
  4 unseen horrors
  A deep troll (shapeshifter) (Depths:4)
  A golden dragon zombie (Hell)
  An anaconda zombie (Hell)
  A sea snake (shapeshifter) (Vaults:4)
  A flayed ghost (Depths:4)
  3 wizards
  10 deep elf archers
  2 glowing orange brains
  14 orc knights
  11 naga ritualists
  A lindwurm (Volcano)
  2 phantasmal warriors
  14 necromancers
  An oklob plant (Lair:5)
  An anaconda skeleton (Hell)
  22 harpies
  4 harpies (shapeshifter)
  17 mana vipers
  12 ironbrand convokers
  46 deep elf magi
  A frost giant zombie (Vaults:4)
  2 wolf spider zombies (Hell)
  A tengu skeleton (Vaults:5)
  12 manticores
  A wolf spider (Vaults:1)
  4 fauns
  6 orc sorcerers
  3 small abominations (Depths:3)
  8 salamanders
  7 elephants
  An elephant (shapeshifter) (D:12)
  16 cyclopes
  A moth of wrath (shapeshifter) (Depths:3)
  28 moths of wrath
  40 ugly things
  2 human zombies (Vaults:5)
  2 black mambas (shapeshifter)
  8 merfolk sirens
  11 guardian serpents
  2 guardian serpents (shapeshifter)
  7 rust devils
  6 water nymphs
  15 vault sentinels
  2 dire elephant zombies (Hell)
  27 black mambas
  3 ice statues
  A smoke demon (Depths:3)
  An eye of devastation (shapeshifter) (Vaults:3)
  10 spiny frogs
  A water nymph (shapeshifter) (Zot:4)
  4 centaur skeletons
  A spiny frog (shapeshifter) (Depths:5)
  An orange demon (Hell)
  A gargoyle (D:11)
  27 naga magi
  A stone giant skeleton (Vaults:2)
  A demonic crawler (Depths:1)
  A kobold demonologist (D:15)
  2 yaktaur zombies
  5 rime drakes
  12 freezing wraiths
  8 komodo dragons
  An efreet (D:15)
  56 yaktaurs
  A hellwing (Depths:3)
  3 ice devils (Depths:1)
  A komodo dragon (shapeshifter) (Depths:5)
  6 red devils
  A hydra zombie (Hell)
  15 trolls
  A jumping spider (Vaults:2)
  3 meliai (D:15)
  5 tengu conjurers
  A jumping spider (shapeshifter) (D:13)
  31 merfolk
  4 polar bears (Lair:6)
  2 trolls (shapeshifter)
  9 hornets
  A wolf spider simulacrum (IceCv)
  8 wind drakes
  16 slime creatures
  49 saltlings
  Prince Ribbit (D:6)
  8 blink frogs
  A blink frog (shapeshifter) (D:13)
  7 dream sheep (Shoals:4)
  A dream sheep (shapeshifter) (Depths:1)
  11 snapping turtles
  A hippogriff (shapeshifter) (Depths:4)
  A stone giant simulacrum (Vaults:2)
  2 raiju (shapeshifter)
  14 hippogriffs
  A fire giant simulacrum (Vaults:4)
  2 frost giant simulacra
  3 alligator zombies (Hell)
  9 water elementals
  A shadow (D:13)
  2 air elementals
  A shock serpent simulacrum (Hell)
  Sigmund (D:2)
  7 redbacks
  A dire elephant simulacrum (Hell)
  5 spriggans
  14 fire elementals
  A vampire (D:13)
  2 spriggans (shapeshifter)
  2 tarantellas (Vaults:4)
  4 wyverns
  2 wraiths (D:11)
  A redback (shapeshifter) (Elf:1)
  44 yaks
  A death yak simulacrum (IceCv)
  8 fire bats (Volcano)
  A basilisk (shapeshifter) (Vaults:4)
  A neqoxec (Depths:3)
  Grum (D:10)
  2 basilisks
  2 hungry ghosts
  A yaktaur simulacrum (Vaults:2)
  8 vampire mosquitoes
  7 wargs
  85 nagas
  A naga (shapeshifter) (Vaults:4)
  15 water moccasins
  2 soldier ants (shapeshifter)
  3 soldier ants (Lair:3)
  6 acid dragons
  A hydra simulacrum (Hell)
  3 floating eyes
  7 porcupines
  2 floating eyes (shapeshifter) (Vaults:5)
  15 hell hounds
  An alligator simulacrum (IceCv)
  36 orc warriors
  Purgy (D:3)
  9 ice beasts
  2 necrophages
  A phantom (D:9)
  A black bear (D:11)
  6 sky beasts
  47 ogres
  2 ettin simulacra
  18 wolves
  An elf skeleton (Vaults:4)
  12 boggarts
  2 eyes of draining
  21 centaurs
  2 human skeletons
  12 crocodiles
  3 big kobolds
  A gnoll sergeant (D:12)
  A wyvern zombie (D:11)
  15 bullfrogs
  A bullfrog (shapeshifter) (Depths:3)
  3 earth elementals
  A spiny frog simulacrum (Hell)
  A wyvern skeleton (D:12)
  3 scorpions
  12 wights
  4 killer bees (D:7)
  An electric eel (Lair:1)
  4 centaur zombies
  2 howler monkeys
  6 lava snakes (Snake:2)
  12 crimson imps
  A bullfrog zombie (D:4)
  6 draconian simulacra (IceCv)
  A quasit (Depths:3)
  2 human simulacra
  3 iron imps (Depths:3)
  5 hounds
  3 jellies
  18 orc priests
  3 bullfrog skeletons
  Jessica (D:2)
  7 iguanas
  23 orc wizards
  2 spriggan simulacra (IceCv)
  33 worker ants
  5 hell rats
  4 troll simulacra (IceCv)
  A killer bee zombie (D:8)
  A wolf simulacrum (IceCv)
  3 centaur simulacra (IceCv)
  A hound zombie (D:7)
  3 hound skeletons
  17 gnolls
  A howler monkey skeleton (D:6)
  19 adders
  3 naga simulacra (IceCv)
  2 ogre simulacra (IceCv)
  5 shadow imps
  18 white imps
  3 ufetubi
  An adder skeleton (D:4)
  An adder zombie (D:6)
  A worm (D:5)
  4 dart slugs
  4 leopard geckos
  75 orcs
  4 ball pythons
  3 bats
  4 giant cockroaches
  2 goblins
  17 hobgoblins
  9 jackals
  5 quokkas
  4 frilled lizards
  A jackal skeleton (D:4)
  22 kobolds
  A quokka zombie (D:4)
  4 rats
  2 fungi (Depths:5)
  5 plants
  3 tentacles (Shoals:4)
2547 creatures vanquished.

Vanquished Creatures (collateral kills)
  A juggernaut (Depths:4)
  Sojobo (Depths:1)
  A tentacled monstrosity (Depths:4)
  A shadow dragon (Zot:3)
  2 draconian shifters
  An entropy weaver (Vaults:3)
  2 purple draconians (Zot:4)
  A halazid warlock (Desolation)
  An ettin (Zot:4)
  A servant of whispers (Desolation)
  3 ice dragons (Depths:4)
  3 deep troll shamans
  A deep troll earth mage (Depths:4)
  A hell knight (Depths:4)
  5 deep trolls
  A guardian serpent (Vaults:3)
  2 moths of wrath (Zot:4)
  A molten gargoyle (Vaults:3)
  6 saltlings
  A hornet (Depths:4)
  A dream sheep (shapeshifter) (Zot:4)
  A spriggan (Depths:4)
  A boggart (Depths:4)
39 creatures vanquished.

Vanquished Creatures (others)
  A draconian shifter (Zot:3)
  A draconian annihilator (Zot:3)
  A vampire knight (Depths:3)
  A black draconian (Zot:3)
  An anaconda (Snake:3)
  A deep elf knight (Elf:3)
  A vampire mage (Depths:3)
  An ugly thing (Depths:1)
  A guardian serpent (Snake:4)
  A hornet (Depths:4)
  A sky beast (D:14)
  An ogre (Vaults:5)
  A worker ant (D:9)
  An orc (Orc:2)
  A crawling corpse (Depths:4)
  15 fungi
  A macabre mass (Depths:4)
  10 plants
  16 tentacles (Shoals:4)
57 creatures vanquished.

Grand Total: 2643 creatures vanquished

Notes
Turn   | Place    | Note
-------+----------+-------------------------------------------
     0 | D:1      | ANON1729 the Halfling Hunter began the quest for the Orb.
     0 | D:1      | Reached XP level 1. HP: 14/14 MP: 1/1
    81 | D:1      | Reached skill level 6 in Slings
   197 | D:1      | Reached XP level 2. HP: 19/19 MP: 2/2
   352 | D:1      | Reached XP level 3. HP: 24/24 MP: 3/3
   501 | D:1      | Reached skill level 7 in Slings
   663 | D:2      | Noticed Jessica
   673 | D:2      | Killed Jessica
   673 | D:2      | Reached XP level 4. HP: 29/29 MP: 4/4
   849 | D:2      | Noticed Sigmund
   919 | D:2      | Killed Sigmund
   919 | D:2      | Reached skill level 9 in Slings
   919 | D:2      | Reached skill level 1 in Armour
   919 | D:2      | Reached XP level 5. HP: 6/35 MP: 0/5
   919 | D:2      | Reached XP level 6. HP: 8/41 MP: 0/6
  1368 | D:3      | Noticed Purgy
  1543 | D:3      | Killed Purgy
  1700 | D:3      | Noticed a hippogriff
  1711 | D:3      | Killed a hippogriff
  1711 | D:3      | Reached skill level 10 in Slings
  1711 | D:3      | Reached XP level 7. HP: 42/46 MP: 7/7
  2530 | D:4      | Reached XP level 8. HP: 35/54 MP: 5/8
  2800 | D:4      | Reached skill level 11 in Slings
  2895 | D:4      | Found an opulent altar of Gozag.
  3473 | D:5      | Entered Level 5 of the Dungeon
  3483 | D:5      | Found a bloodstained altar of Trog.
  3498 | D:5      | Found Hiuzelaph's Lightly-Used Armoury.
  3850 | D:5      | Found a staircase to the Ecumenical Temple.
  3867 | Temple   | Entered the Ecumenical Temple
  3953 | Temple   | Became a worshipper of Warmaster Okawaru
  4097 | D:5      | Found a hazy altar of Hepliaklqana.
  4398 | D:6      | Noticed Prince Ribbit
  4515 | D:6      | Found a shimmering altar of Xom.
  4535 | D:6      | Found a basalt altar of Yredelemnul.
  4582 | D:6      | Found a white marble altar of Elyvilon.
  4591 | D:6      | Reached skill level 12 in Slings
  4888 | D:6      | Reached XP level 9. HP: 60/60 MP: 9/9
  4959 | D:6      | Killed Prince Ribbit
  4959 | D:6      | Reached * piety under Okawaru
  4959 | D:6      | Reached skill level 5 in Fighting
  4959 | D:6      | Reached skill level 13 in Slings
  5421 | D:6      | Found a blossoming altar of Fedhas.
  6023 | D:7      | Got an ancient leather armour
  6047 | D:7      | Found a glowing golden altar of the Shining One.
  6265 | D:7      | Reached ** piety under Okawaru
  6403 | D:7      | Found a shattered altar of Ashenzari.
  6575 | D:7      | Reached skill level 14 in Slings
  6842 | D:7      | Reached skill level 5 in Dodging
  7047 | D:8      | Reached XP level 10. HP: 68/68 MP: 10/10
  7083 | D:8      | Found a blossoming altar of Fedhas.
  7808 | D:8      | Reached skill level 5 in Stealth
  7942 | D:9      | Noticed Erolcha
  7959 | D:8      | Identified the +1 leather armour of Qazlal's Supremacy
                  | {rPois Int-4 Dex+5} (You found it on level 7 of the
                  | Dungeon)
  8066 | D:9      | Reached *** piety under Okawaru
  8173 | D:9      | Found a staircase to the Orcish Mines.
  8404 | D:9      | Found Doph's General Store.
  8445 | D:9      | Killed Erolcha
  8445 | D:9      | Reached **** piety under Okawaru
  8445 | D:9      | Reached skill level 15 in Slings
  8477 | D:9      | Reached skill level 1 in Invocations
  8647 | D:9      | Found a staircase to the Lair.
  8739 | D:10     | Entered Level 10 of the Dungeon
  8966 | D:10     | Noticed an orc knight
  9175 | D:10     | Killed an orc knight
  9175 | D:10     | Reached XP level 11. HP: 41/74 MP: 7/13
  9648 | D:10     | Noticed Grum
  9656 | D:10     | Killed Grum
  9940 | D:10     | Found a portal to a secret trove of treasure.
 10069 | D:11     | Reached ***** piety under Okawaru
 10108 | D:11     | Reached skill level 16 in Slings
 10468 | D:11     | Noticed a green ugly thing
 10547 | D:11     | Killed a green ugly thing
 10668 | D:11     | Killed an unseen horror
 10874 | D:11     | Received a gift from Okawaru
 10889 | D:11     | Reached skill level 5 in Invocations
 10953 | D:11     | Noticed a two-headed ogre
 10968 | D:11     | Killed a two-headed ogre
 11416 | D:11     | Noticed a green ugly thing
 11442 | D:11     | Killed a green ugly thing
 11485 | D:11     | Found Onoa's Food Emporium.
 11647 | D:12     | Noticed a red ugly thing
 11667 | D:11     | Killed a red ugly thing
 11812 | Lair:1   | Entered Level 1 of the Lair of Beasts
 11828 | Lair:1   | Noticed Gastronok
 12153 | Orc:1    | Entered Level 1 of the Orcish Mines
 12157 | Orc:1    | Reached XP level 12. HP: 81/81 MP: 16/16
 12188 | Orc:1    | Noticed an orc high priest
 12205 | Orc:1    | Found a dark tunnel.
 12216 | Volcano  | Entered a volcano
 12297 | Volcano  | Received a gift from Okawaru
 12413 | Volcano  | Reached skill level 17 in Slings
 12534 | Volcano  | Noticed a fire dragon
 12705 | Orc:1    | Noticed a soul eater
 12720 | D:9      | Killed an orc high priest
 12720 | D:9      | Received a gift from Okawaru
 12925 | Lair:1   | Killed Gastronok
 12925 | Lair:1   | Received a gift from Okawaru
 13118 | Lair:1   | Got a fine long sword
 13119 | Lair:1   | Identified the +5 long sword of Joyful Slaughter {venom,
                  | rF+ Str+2 Int+2 Dex+3} (You found it on level 1 of the Lair
                  | of Beasts)
 14263 | Lair:2   | Received a gift from Okawaru
 14577 | Lair:2   | Found a staircase to the Snake Pit.
 14759 | Lair:2   | Received a gift from Okawaru
 14959 | Lair:2   | Found a staircase to the Shoals.
 15278 | Lair:2   | You fall through a shaft!
 15598 | Lair:3   | Reached XP level 13. HP: 80/89 MP: 17/19
 15654 | Lair:3   | Received a gift from Okawaru
 15678 | Lair:3   | Reached skill level 18 in Slings
 16410 | Lair:3   | Noticed a five-headed hydra
 16434 | Lair:3   | Killed a five-headed hydra
 16979 | Lair:3   | Noticed Nergalle
 17032 | Lair:3   | Killed Nergalle
 17602 | Lair:4   | Found a frozen archway.
 17822 | IceCv    | Entered an ice cave
 18156 | IceCv    | Received a gift from Okawaru
 18190 | IceCv    | Identified a +2 pair of boots of running (Okawaru gifted it
                  | to you in an ice cave)
 19099 | IceCv    | Found an ancient bone altar of Kikubaaqudgha.
 20224 | IceCv    | Reached skill level 1 in Spellcasting
 20577 | Lair:4   | Reached skill level 1 in Ice Magic
 21430 | Lair:4   | Reached skill level 10 in Invocations
 21430 | Lair:4   | Reached XP level 14. HP: 97/97 MP: 21/21
 21839 | Lair:3   | Reached skill level 19 in Slings
 22124 | Lair:5   | Got an ancient glass ring
 22145 | Lair:5   | Identified the ring "Qeheh" {rCorr rC+ rN+ Str-2} (You
                  | found it on level 5 of the Lair of Beasts)
 22836 | Lair:5   | Received a gift from Okawaru
 22978 | Lair:5   | Reached skill level 10 in Stealth
 22996 | Lair:5   | Reached skill level 5 in Ice Magic
 23756 | Lair:6   | Entered Level 6 of the Lair of Beasts
 24469 | Lair:6   | Received a gift from Okawaru
 24469 | Lair:6   | Reached skill level 10 in Fighting
 24564 | Lair:6   | Received a gift from Okawaru
 24703 | Lair:6   | Reached skill level 10 in Dodging
 24747 | Lair:6   | Received a gift from Okawaru
 24893 | Lair:6   | Reached skill level 5 in Armour
 24984 | Lair:6   | Reached skill level 1 in Shields
 25137 | Lair:6   | Reached XP level 15. HP: 85/103 MP: 20/23
 25348 | Lair:6   | Found a viscous altar of Jiyva.
 25348 | Lair:6   | Found a staircase to the Slime Pits.
 25589 | Lair:6   | Identified the amulet of the Establishment {Harm *Drain
                  | +Blink Dex+4} (You found it on level 6 of the Lair of
                  | Beasts)
 27923 | Orc:2    | Entered Level 2 of the Orcish Mines
 27923 | Orc:2    | Found Xeqymege's Food Shop.
 28158 | Orc:2    | Found a staircase to the Elven Halls.
 29023 | Orc:1    | Paralysed by an orc sorcerer for 3 turns
 29036 | Orc:1    | Received a gift from Okawaru
 30722 | Orc:1    | Reached skill level 20 in Slings
 30873 | Orc:2    | Received a gift from Okawaru
 30961 | Orc:2    | Found Cuisojep's Armour Shop.
 30969 | Orc:2    | Found Ugath's Armour Emporium.
 31045 | Orc:2    | Found Kogafiz's Antique Weapon Boutique.
 31107 | Orc:2    | Found Ubriq's Antique Weapon Boutique.
 31486 | D:12     | Noticed Frances
 32015 | D:12     | Killed Frances
 32015 | D:12     | Received a gift from Okawaru
 32015 | D:12     | Reached XP level 16. HP: 112/112 MP: 17/24
 32810 | D:12     | Reached XP level 17. HP: 117/117 MP: 25/25
 32819 | D:12     | Learned a level 4 spell: Summon Ice Beast
 33252 | D:12     | Noticed Urug
 33283 | D:12     | Killed Urug
 33990 | D:13     | Found Zonge's Assorted Antiques.
 33998 | D:13     | Bought a scroll labeled UFUNWU GUGUEPN for 37 gold pieces
 33998 | D:13     | Bought a scroll labeled ZASAOC GURU for 37 gold pieces
 34136 | D:13     | Found Xatycoil's Gadget Shoppe.
 34194 | D:13     | Got an encrusted broad axe
 34210 | D:13     | Found Jeenuh's Jewellery Emporium.
 34559 | D:13     | Found Lafrumes's Magic Scroll Emporium.
 34600 | D:13     | Got a crude leather armour
 34611 | D:13     | Identified the +0 leather armour of the Guardian {-Cast rC+
                  | rN+ MR+} (You found it on level 13 of the Dungeon)
 34681 | D:13     | Found Ehaoc's Antique Weapon Emporium.
 34903 | D:13     | Reached skill level 1 in Summonings
 35052 | D:13     | Received a gift from Okawaru
 35554 | D:13     | Found a runed translucent door.
 35554 | D:13     | Found a runed translucent door.
 35879 | D:13     | Identified The Last Tome of the Archmage
 36180 | D:14     | Received a gift from Okawaru
 36329 | D:14     | Found a gate to the Vaults.
 36384 | D:14     | Identified the ring of Misiem {rC+ MR+ Int+5}
 36387 | D:14     | Found a flagged portal.
 36477 | D:14     | Received a gift from Okawaru
 36615 | Bailey   | Entered a bailey
 37294 | D:14     | Found a sparkling altar of Nemelex Xobeh.
 37620 | D:15     | Entered Level 15 of the Dungeon
 37714 | D:15     | Received a gift from Okawaru
 37736 | D:15     | Noticed Jorgrun
 37764 | D:15     | Killed Jorgrun
 37764 | D:15     | Reached XP level 18. HP: 124/125 MP: 19/26
 37865 | D:15     | Found a staircase to the Depths.
 38828 | D:15     | Reached skill level 15 in Ice Magic
 38828 | D:15     | Reached XP level 19. HP: 131/131 MP: 27/27
 39264 | D:15     | Received a gift from Okawaru
 39692 | Snake:1  | Entered Level 1 of the Snake Pit
 39770 | Lair:2   | Reached skill level 21 in Slings
 40640 | Snake:1  | Received a gift from Okawaru
 41939 | Snake:2  | Got a vibrating glass ring
 41941 | Snake:2  | Identified the ring of Diakituth {SInv Stlth+} (You found
                  | it on level 2 of the Snake Pit)
 43060 | Snake:3  | Reached skill level 5 in Spellcasting
 43521 | Snake:3  | Received a gift from Okawaru
 43715 | Snake:3  | Reached XP level 20. HP: 106/138 MP: 26/29
 44982 | Orc:2    | Bought a +1 helmet of see invisible for 297 gold pieces
 45148 | Snake:4  | Entered Level 4 of the Snake Pit
 45341 | Snake:4  | Received a gift from Okawaru
 46107 | Snake:4  | Received a gift from Okawaru
 46693 | Snake:3  | Received a gift from Okawaru
 47138 | Snake:4  | Received a gift from Okawaru
 47227 | Snake:4  | Received a gift from Okawaru
 47851 | Snake:4  | Reached XP level 21. HP: 118/145 MP: 30/30
 48101 | Snake:4  | Got a serpentine rune of Zot
 48278 | Shoals:1 | Entered Level 1 of the Shoals
 48422 | Shoals:1 | Received a gift from Okawaru
 49278 | Shoals:1 | Reached ****** piety under Okawaru
 49730 | Shoals:2 | Received a gift from Okawaru
 50140 | Shoals:2 | Received a gift from Okawaru
 50431 | Shoals:3 | Reached skill level 22 in Slings
 50769 | Shoals:3 | Received a gift from Okawaru
 50850 | Shoals:3 | Noticed Ilsuiw
 50890 | Shoals:3 | Killed Ilsuiw
 51097 | Shoals:3 | Received a gift from Okawaru
 51100 | Shoals:3 | Identified the +0 shield "Utzucyemm" {rPois rF+} (Okawaru
                  | gifted it to you on level 3 of the Shoals)
 51306 | Shoals:3 | Noticed Polyphemus
 51356 | Shoals:3 | Killed Polyphemus
 51630 | Shoals:4 | Entered Level 4 of the Shoals
 52721 | Shoals:4 | Reached skill level 10 in Armour
 52933 | Shoals:4 | Got a barnacled rune of Zot
 54237 | Vaults:1 | Entered Level 1 of the Vaults
 54292 | Vaults:1 | Reached XP level 22. HP: 138/153 MP: 29/32
 54546 | Vaults:1 | Found Kius's Food Boutique.
 55018 | Vaults:1 | Received a gift from Okawaru
 56275 | Vaults:2 | Learned a level 2 spell: Ensorcelled Hibernation
 56285 | Vaults:2 | Got a brightly glowing scale mail
 56296 | Vaults:2 | Identified the +1 scale mail of Dishonour {rC+ rCorr Int+3}
                  | (You found it on level 2 of the Vaults)
 56828 | Vaults:2 | Found a staircase to the Crypt.
 57712 | Vaults:3 | Received a gift from Okawaru
 58182 | Vaults:3 | Found a ruined gateway.
 58327 | Desolati | Entered the Desolation of Salt
 58690 | Desolati | Identified the ring "Pemiq" {rN++ MR+ MP+9}
 58737 | Desolati | Reached XP level 23. HP: 116/161 MP: 12/33
 59580 | Desolati | Identified the Compendium of Gliding Protection
 59590 | Desolati | Identified the Handbook of Orientation
 59592 | Desolati | Identified the Reference Book on Confrontation
 59621 | Desolati | Got an ancient ivory ring
 59622 | Desolati | Identified the ring "Ateus" {rCorr Dex+2} (You found it in
                  | the Desolation of Salt)
 60116 | Desolati | Identified the Guide on Illusion and Self-Knowledge
 60122 | Desolati | Got a twisted hunting sling
 60193 | Desolati | Identified the +6 hunting sling "Bene" {freeze, rPois
                  | Dex+2} (You found it in the Desolation of Salt)
 60217 | Desolati | Identified the ring "Xoxzeim" {Str-3 Dex+5 SInv Stlth+}
                  | (You found it in the Desolation of Salt)
 60223 | Desolati | Identified the amulet "Bawk" {RegenMP +Fly} (You found it
                  | in the Desolation of Salt)
 60228 | Desolati | Identified the -4 pair of gloves "Jennyn Ahuo" {*Drain
                  | rElec Str+3 Int+6} (You found it in the Desolation of Salt)
 60688 | Vaults:3 | Learned a level 2 spell: Song of Slaying
 61070 | Vaults:3 | Received a gift from Okawaru
 61267 | Vaults:3 | Reached skill level 15 in Fighting
 61704 | Vaults:3 | Found Gosurgh's Magic Scroll Boutique.
 62304 | Vaults:3 | Received a gift from Okawaru
 63040 | Vaults:4 | Received a gift from Okawaru
 63513 | Vaults:4 | Found Cuod's Food Emporium.
 63574 | Vaults:4 | Reached skill level 23 in Slings
 63899 | Vaults:4 | Paralysed by an orc sorcerer for 2 turns
 63941 | Vaults:4 | Reached XP level 24. HP: 134/170 MP: 34/34
 65383 | Elf:1    | Entered Level 1 of the Elven Halls
 65815 | Elf:1    | Noticed Louise
 65836 | Elf:1    | Killed Louise
 66022 | Elf:1    | Found a shimmering altar of Xom.
 66083 | Elf:1    | Received a gift from Okawaru
 66109 | Elf:1    | Got a twisted scale mail {god gift}
 66147 | Elf:1    | Identified the +8 scale mail of Prudence {rPois Int+2
                  | Stlth-} (Okawaru gifted it to you on level 1 of the Elven
                  | Halls)
 66473 | Elf:1    | Noticed Nikola
 66493 | Elf:1    | Killed Nikola
 67121 | Elf:2    | Found Niexutepp's Gadget Emporium.
 67136 | Elf:2    | Found Jegemmol's Armour Shoppe.
 67560 | Elf:2    | Found a huge runed translucent gate.
 67560 | Elf:2    | Found a huge runed translucent gate.
 67561 | Elf:2    | Found a huge runed translucent gate.
 67565 | Elf:2    | Found a huge runed translucent gate.
 67574 | Elf:2    | Found a huge runed translucent gate.
 68936 | Elf:3    | Entered Level 3 of the Elven Halls
 68994 | Elf:3    | Reached skill level 15 in Stealth
 69530 | Elf:3    | Identified the cursed +0 ring mail of Teyschom {*Slow rC+
                  | Int+4} (You found it on level 3 of the Elven Halls)
 70067 | Elf:3    | Received a gift from Okawaru
 70067 | Elf:3    | Reached skill level 1 in Charms
 70109 | Elf:3    | Identified the ring of Xeagyof {rCorr rF+ MR+}
 70153 | Elf:3    | Reached skill level 1 in Short Blades
 70465 | Elf:3    | Received a gift from Okawaru
 70476 | Elf:3    | Identified the amulet of Asaemej {rN+ MR+ Regen+}
 70520 | Elf:3    | Reached XP level 25. HP: 177/177 MP: 35/35
 71134 | Elf:3    | Identified the ring of Mudiz {+Inv rN+ MP+9 Int-5 Stlth+}
 71263 | Elf:3    | Identified the +4 troll leather armour "Guut" {+Fly Regen+
                  | Int+7}
 71457 | Elf:3    | Learned a level 2 spell: Corpse Rot
 71497 | Elf:3    | Learned a level 1 spell: Summon Butterflies
 71499 | Elf:3    | Learned a level 1 spell: Apportation
 71511 | Elf:3    | Learned a level 3 spell: Ozocubu's Armour
 71513 | Elf:3    | Learned a level 1 spell: Freeze
 71615 | Elf:3    | Got a pair of bloodstained boots
 71631 | Elf:3    | Identified the +0 pair of boots "Goecetou" {rC+ rN++ Str-2
                  | SInv} (You found it on level 3 of the Elven Halls)
 71885 | Depths:1 | Entered Level 1 of the Depths
 72023 | Depths:1 | Received a gift from Okawaru
 72872 | Depths:1 | Got a faintly glowing helmet {god gift}
 72873 | Depths:1 | Identified the +3 shield of Satisfaction {+Blink rF+ Dex+2
                  | Slay-5}
 72873 | Depths:1 | Noticed Asterion
 72891 | Depths:1 | Identified the +2 helmet "Muykk" {Str+3 Int+5} (Okawaru
                  | gifted it to you on level 1 of the Depths)
 73027 | Depths:1 | Reached skill level 1 in Translocations
 73027 | Depths:1 | Reached skill level 15 in Invocations
 73071 | Depths:1 | Killed Asterion
 73128 | Depths:1 | Reached skill level 1 in Necromancy
 73442 | Depths:1 | Noticed Sojobo
 73655 | Depths:1 | Killed Sojobo
 73846 | Depths:1 | Found a one-way gate to the infinite horrors of the Abyss.
 74320 | Depths:1 | Found a gateway to Hell.
 76113 | Depths:1 | Found a glowing golden altar of the Shining One.
 76602 | Depths:2 | Reached skill level 5 in Charms
 76759 | Depths:2 | Found Gozag's Antique Armour Shoppe.
 76767 | Depths:2 | Found Gozag's Assorted Antiques.
 76772 | Depths:2 | Found an opulent altar of Gozag.
 76793 | Depths:2 | Found Gozag's Antique Armour Shoppe.
 77310 | Depths:2 | Reached skill level 5 in Summonings
 77407 | Depths:2 | Received a gift from Okawaru
 77874 | Depths:3 | Found the +8 demon blade "Bloodbane" {slice, *Rage +Rage
                  | Stlth-}
 77875 | Depths:3 | Found Omoan's Food Shop.
 77894 | Depths:3 | Reached XP level 26. HP: 183/185 MP: 35/35
 78550 | Depths:3 | Found a one-way gate leading to the halls of Pandemonium.
 80892 | Depths:3 | Reached skill level 5 in Translocations
 82906 | Depths:3 | Reached skill level 5 in Short Blades
 83243 | Depths:4 | Noticed Margery
 83274 | Depths:4 | Killed Margery
 83274 | Depths:4 | Reached skill level 15 in Dodging
 84116 | Depths:4 | Paralysed by a floating eye for 2 turns
 84387 | Depths:4 | Found a gateway to a ziggurat.
 84404 | Depths:4 | Received a gift from Okawaru
 84525 | Depths:4 | Found Vamuluaq's Changing Room.
 84555 | Depths:4 | You fall through a shaft!
 84555 | Depths:5 | Entered Level 5 of the Depths
 84597 | Depths:5 | Noticed a juggernaut
 84631 | Depths:5 | Killed a juggernaut
 84660 | Depths:5 | Paralysed by a floating eye for 4 turns
 84681 | Depths:5 | Received a gift from Okawaru
 84697 | Depths:5 | Paralysed by a floating eye for 3 turns
 85041 | Depths:5 | Reached XP level 27. HP: 191/191 MP: 36/36
 85054 | Depths:5 | Reached skill level 24 in Slings
 85104 | Depths:5 | Reached skill level 5 in Necromancy
 85124 | Depths:5 | Received a gift from Okawaru
 85595 | Depths:5 | Noticed a juggernaut
 85894 | Depths:5 | Killed a juggernaut
 86618 | Depths:5 | Found an ancient bone altar of Kikubaaqudgha.
 86951 | Depths:5 | Found a radiant altar of Vehumet.
 86951 | Depths:5 | Found an ornate altar of the Wu Jian Council.
 87903 | Depths:5 | Found a gate to the Realm of Zot.
 88031 | Depths:5 | Noticed a juggernaut
 88064 | Depths:5 | Killed a juggernaut
 88064 | Depths:5 | Received a gift from Okawaru
 88550 | Depths:5 | Identified the +1 scale mail of Hedging {rN++ Str+2} (You
                  | found it on level 5 of the Depths)
 88594 | Depths:5 | Identified the cursed +1 long sword "Zatofipu" {speed,
                  | Str+8 Dex-3}
 89071 | Depths:4 | Received a gift from Okawaru
 89438 | Depths:4 | Received a gift from Okawaru
 89438 | Depths:4 | Reached skill level 5 in Shields
 89454 | Depths:4 | Got a dazzling dagger {god gift}
 89744 | Depths:4 | Paralysed by a floating eye for 3 turns
 89873 | Depths:4 | Noticed a juggernaut
 90342 | Depths:4 | Killed a juggernaut
 90590 | Depths:4 | Identified the +8 dagger "Murmur" {speed, MP+9 Int+3 Dex+4}
                  | (Okawaru gifted it to you on level 4 of the Depths)
 90788 | Depths:4 | Identified the +5 long sword of Jeggiaw {flame, rN++ SInv}
 91300 | Vaults:4 | Learned a level 2 spell: Swiftness
 91305 | Vaults:4 | Learned a level 4 spell: Throw Icicle
 91309 | Vaults:4 | Learned a level 3 spell: Portal Projectile
 91313 | Vaults:5 | Entered Level 5 of the Vaults
 92778 | Vaults:5 | Noticed an ancient lich
 92791 | Vaults:4 | Received a gift from Okawaru
 93144 | Vaults:4 | Learned a level 3 spell: Lesser Beckoning
 93239 | Vaults:4 | Received a gift from Okawaru
 93630 | Vaults:4 | Killed an ancient lich
 94553 | Vaults:4 | Reached skill level 10 in Spellcasting
 95143 | Vaults:4 | Received a gift from Okawaru
 95151 | Vaults:4 | Got a fine hand axe {god gift}
 95152 | Vaults:4 | Identified the +7 hand axe "Sihobb" {chop, Int+4} (Okawaru
                  | gifted it to you on level 4 of the Vaults)
 96202 | Vaults:5 | Reached skill level 10 in Charms
 96483 | Vaults:5 | Identified the cursed +1 arbalest of Outrage {venom,
                  | *Contam +Blink rC+}
 96805 | Vaults:5 | Found Ileko's Book Shop.
 96856 | Vaults:5 | Got a vibrating bone ring
 96859 | Vaults:5 | Identified the ring of Ymmas {rPois rF+ Str+2 Dex-5 Stlth+}
                  | (You found it on level 5 of the Vaults)
 96867 | Vaults:5 | Bought the Almanac of Warped Snow for 825 gold pieces
 96870 | Vaults:5 | Learned a level 2 spell: Blink
 96877 | Vaults:5 | Learned a level 6 spell: Simulacrum
 97091 | Vaults:5 | Identified the cursed +2 arbalest "Teasorcho" {flame,
                  | Int+3}
 97104 | Vaults:5 | Received a gift from Okawaru
 97177 | Vaults:5 | Identified the +4 ring mail of Classification {Str+3} (You
                  | found it on level 5 of the Vaults)
 97448 | Vaults:5 | Got a silver rune of Zot
 97557 | Vaults:5 | Paralysed by a lich for 6 turns
 97720 | Vaults:5 | Received a gift from Okawaru
 97807 | Vaults:5 | Identified the +1 plate armour "Zobbag" {Str+5} (You found
                  | it on level 5 of the Vaults)
 98375 | Hell     | Entered the Vestibule of Hell
 98375 | Hell     | Noticed Geryon
 98452 | Depths:1 | Received a gift from Okawaru
 99946 | Depths:1 | Received a gift from Okawaru
100926 | Hell     | Reached skill level 10 in Translocations
101106 | Hell     | Reached skill level 25 in Slings
101117 | Hell     | Received a gift from Okawaru
101598 | Hell     | Found a gateway to the decaying netherworld of Tartarus.
101828 | Hell     | Killed Geryon
101828 | Hell     | Received a gift from Okawaru
102223 | Hell     | Reached skill level 10 in Short Blades
103012 | Hell     | Found a gateway to the ashen valley of Gehenna.
103137 | Hell     | Found a gateway to the Iron City of Dis.
103188 | Hell     | Found a gateway to the freezing wastes of Cocytus.
103525 | Zot:1    | Entered Level 1 of the Realm of Zot
106767 | Zot:2    | Noticed a Killer Klown
106874 | Zot:1    | Killed a Killer Klown
106990 | Zot:2    | Received a gift from Okawaru
108444 | Zot:2    | Identified the +7 long sword "Zaniteheokh" {protect, +Inv
                  | Dex+3} (You found it on level 2 of the Realm of Zot)
109733 | Zot:3    | Received a gift from Okawaru
110079 | Zot:3    | Got a brightly glowing hunting sling {god gift}
110081 | Zot:3    | Identified the +4 hunting sling "Rinig" {venom, rPois Int+9
                  | Dex-3} (Okawaru gifted it to you on level 3 of the Realm of
                  | Zot)
111536 | Zot:3    | Identified the +9 long sword "Jurysch" {protect, Str+4
                  | Stlth+} (You found it on level 3 of the Realm of Zot)
111879 | Zot:3    | Learned a level 4 spell: Passage of Golubria
111960 | Zot:3    | Received a gift from Okawaru
112314 | Zot:3    | Reached skill level 10 in Shields
112712 | Zot:3    | Received a gift from Okawaru
114470 | Zot:3    | Received a gift from Okawaru
114998 | Zot:4    | Received a gift from Okawaru
115094 | Zot:4    | Identified a scroll of acquirement
115095 | Zot:4    | Identified the -5 buckler of a wizard's laboratory {Int+9
                  | Dex-4} (You found it on level 4 of the Realm of Zot)
115144 | Zot:4    | Identified the +2 pair of gloves "Vuugaoto" {Int+2 Dex+4}
                  | (You acquired it on level 4 of the Realm of Zot)
115445 | Zot:4    | Received a gift from Okawaru
116616 | Zot:5    | Entered Level 5 of the Realm of Zot
116623 | Zot:5    | Received a gift from Okawaru
116624 | Zot:5    | Got an iridescent hunting sling {god gift}
116630 | Zot:5    | Identified the +1 hunting sling "Vugrecru" {flame, *Drain
                  | rF- rC+++ Str+4} (Okawaru gifted it to you on level 5 of
                  | the Realm of Zot)
116780 | Zot:5    | Reached skill level 26 in Slings
117584 | Zot:5    | Noticed an orb of fire
118390 | Zot:5    | Noticed an ancient lich
118412 | Zot:5    | Noticed an orb of fire
118445 | Zot:5    | Noticed a Killer Klown
118445 | Zot:5    | Noticed a Killer Klown
118445 | Zot:5    | Noticed a Killer Klown
118445 | Zot:5    | Noticed an ancient lich
118446 | Zot:5    | Noticed a Killer Klown
118841 | Zot:5    | Noticed a Killer Klown
118901 | Zot:5    | Killed a Killer Klown
119490 | Zot:5    | Received a gift from Okawaru
119570 | Zot:5    | Noticed an ancient lich
119627 | Zot:5    | Killed a Killer Klown
119627 | Zot:5    | Received a gift from Okawaru
120189 | Zot:5    | Noticed an ancient lich
120605 | Zot:5    | Killed a Killer Klown
120699 | Zot:5    | Noticed an ancient lich
120722 | Zot:5    | Noticed an ancient lich
120757 | Zot:5    | Killed an ancient lich
120784 | Zot:5    | Killed an ancient lich
120784 | Zot:5    | Received a gift from Okawaru
120995 | Zot:5    | Noticed an ancient lich
121066 | Zot:5    | Killed an ancient lich
121066 | Zot:5    | Received a gift from Okawaru
121291 | Zot:5    | Noticed an orb of fire
121313 | Zot:5    | Noticed a Killer Klown
121354 | Zot:5    | Killed a Killer Klown
121456 | Zot:5    | Killed from afar by an orb of fire

Skill      XL: |  1  2  3  4  5  6  7  8  9 10 11 12 13 14 15 16 17 18 19 20 21 22 23 24 25 26 27 |
---------------+----------------------------------------------------------------------------------+-----
Slings         | 6 7 9 10 12 14 15 16 17 18 19 20 21 22 23 26 | 26.3
Fighting       | 2 3 4 5 6 7 8 9 10 11 12 13 14 15 16 18 | 18.6
Armour         | 1 2 3 5 6 7 8 9 10 11 12 | 12.5
Dodging        | 3 5 6 7 8 9 10 11 12 13 14 15 17 | 17.8
Stealth        | 2 4 6 7 8 9 10 11 12 13 14 15 18 | 18.9
Invocations    | 2 6 8 10 11 12 13 14 15 18 | 18.2
Spellcasting   | 1 2 3 4 5 6 7 8 9 11 | 11.8
Ice Magic      | 2 7 9 12 13 15 16 17 18 19 20 21 | 21.5
Shields        | 1 4 11 | 11.4
Summonings     | 2 3 4 5 6 7 |  7.0
Charms         | 2 5 7 10 | 10.0
Short Blades   | 1 3 5 13 | 13.0
Translocations | 4 6 10 | 10.0
Necromancy     | 3 4 8 |  8.0

Action                   |  1- 3 |  4- 6 |  7- 9 | 10-12 | 13-15 | 16-18 | 19-21 | 22-24 | 25-27 || total
-------------------------+-------+-------+-------+-------+-------+-------+-------+-------+-------++-------
Melee: Hunting sling     |       |       |       |     3 |    35 |     3 |       |       |     3 ||    44
       Long sword        |       |       |       |       |    15 |       |    78 |    24 |       ||   117
       Fustibalus        |       |       |       |       |       |       |       |     2 |       ||     2
       Quick blade       |       |       |       |       |       |       |       |    43 |  5854 ||  5897
       Demon blade       |       |       |       |       |       |       |       |       |    25 ||    25
       Dagger            |       |       |       |       |       |       |       |       |   104 ||   104
 Fire: Hunting sling     |    59 |    65 |   552 |  1264 |  2670 |  1354 |  3464 |  2274 |  4397 || 16099
       Fustibalus        |       |       |       |       |       |       |       |  1335 |       ||  1335
Throw: Stone             |       |       |     1 |       |       |       |       |       |    13 ||    14
 Cast: Summon Ice Beast  |       |       |       |       |       |       |     9 |    28 |    36 ||    73
       Song of Slaying   |       |       |       |       |       |       |       |     1 |       ||     1
       Ensorcelled Hiber |       |       |       |       |       |       |       |       |     7 ||     7
       Summon Butterflie |       |       |       |       |       |       |       |       |     9 ||     9
       Apportation       |       |       |       |       |       |       |       |       |   154 ||   154
       Corpse Rot        |       |       |       |       |       |       |       |       |     3 ||     3
       Blink             |       |       |       |       |       |       |       |       |    15 ||    15
       Simulacrum        |       |       |       |       |       |       |       |       |     9 ||     9
       Lesser Beckoning  |       |       |       |       |       |       |       |       |     4 ||     4
       Freeze            |       |       |       |       |       |       |       |       |     2 ||     2
       Portal Projectile |       |       |       |       |       |       |       |       |     2 ||     2
       Throw Icicle      |       |       |       |       |       |       |       |       |     1 ||     1
Invok: Heroism           |       |       |       |    14 |    25 |     8 |    31 |    22 |    52 ||   152
       Finesse           |       |       |       |     3 |    11 |     3 |     8 |    16 |    27 ||    68
Evoke: Wand              |       |       |       |     1 |     3 |       |       |     2 |    38 ||    44
       Phial of floods   |       |       |       |       |       |       |       |     1 |    11 ||    12
       Box of beasts     |       |       |       |       |       |       |       |       |     2 ||     2
  Use: Scroll            |     2 |       |     7 |     5 |    17 |     8 |     6 |    23 |    33 ||   101
       Potion            |       |     3 |       |     2 |     1 |     3 |       |       |    12 ||    21
 Stab: Sleeping          |       |       |       |       |     1 |       |     1 |     6 |    51 ||    59
       Petrified         |       |       |       |       |       |       |    13 |       |       ||    13
       Distracted        |       |       |       |       |       |       |       |       |    15 ||    15
       Confused          |       |       |       |       |       |       |       |       |     5 ||     5
       Paralysed         |       |       |       |       |       |       |       |       |     1 ||     1
  Eat: Chunk             |       |     2 |    12 |    18 |    20 |    14 |    20 |    16 |    41 ||   143
       Ration            |       |       |     1 |     2 |     8 |     1 |     7 |     9 |    34 ||    62
Armor: Leather armour    |     4 |     8 |    13 |    57 |   156 |    83 |   136 |    12 |       ||   469
       Robe              |       |       |     4 |     7 |       |       |       |       |       ||    11
       Scale mail        |       |       |       |       |       |       |       |   305 |  1189 ||  1494
Dodge: Dodged            |    13 |    19 |   106 |   460 |  1252 |   433 |  1212 |  1145 |  4252 ||  8892
       Deflected         |       |       |       |       |       |       |    93 |    48 |   143 ||   284
Block: Buckler           |       |       |       |       |   258 |   200 |   613 |   633 |  2699 ||  4403
       Rpst.: Long sword |       |       |       |       |     1 |       |     8 |     4 |       ||    13
       Demon blade       |       |       |       |       |       |       |       |       |     3 ||     3
